 Dungeon Crawl Stone Soup version 0.21-a0-509-gecc5317 (webtiles) character file.

184 Gerstahl the Slasher (level 5, -3/50 HPs)
             Began as a Naga Gladiator on Nov 30, 2017.
             Slain by a white imp (4 damage)
             ... summoned by Natasha
             ... on level 3 of the Dungeon.
             The game lasted 00:06:38 (2181 turns).

Gerstahl the Slasher (Naga Gladiator)               Turns: 2181, Time: 00:06:40

Health: -3/50      AC:  4    Str: 16    XL:     5   Next: 63%
Magic:  5/5        EV: 10    Int:  8    God:
Gold:   120        SH:  0    Dex: 14    Spells: 4/4 levels left

rFire    . . .     SeeInvis +   a - +0 long sword
rCold    . . .     Gourm    .   (no shield)
rNeg     . . .     Faith    .   b - +0 leather armour
rPois    +         Spirit   .   c - +0 helmet
rElec    .         Reflect  .   (no cloak)
rCorr    .         Harm     .   (no gloves)
MR       .....                  (no barding)
Stlth    +.........             (no amulet)
HPRegen  0.16/turn              (no ring)
MPRegen  0.09/turn              (no ring)

@: slowed, very slow
A: large, see invisible, deformed body, poison resistance, slowness 2, slow
metabolism 1, spit poison 1, AC +1
a: Spit Poison


You were on level 3 of the Dungeon.
You were hungry.

You visited 1 branch of the dungeon, and saw 3 of its levels.

You collected 120 gold pieces.

Inventory:

Hand Weapons
 a - a +0 long sword (weapon)
Missiles
 d - 3 throwing nets (quivered)
Armour
 b - a +0 leather armour (worn)
 c - a +0 helmet (worn)
Jewellery
 n - an uncursed amulet of guardian spirit {unknown}
Scrolls
 e - 4 scrolls of teleportation {unknown}
 i - 2 scrolls of remove curse {unknown}
 j - a scroll of enchant armour {unknown}
 k - a scroll of amnesia {unknown}
 q - a scroll of enchant weapon {unknown}
Potions
 g - a potion of resistance {unknown}
 h - a potion of lignification {unknown}
 m - a potion of agility {unknown}
 o - 2 potions of mutation {unknown}
 p - a potion of might {unknown}
Comestibles
 f - 5 bread rations
 l - a meat ration
 r - a chunk of flesh


   Skills:
 + Level 4.2 Fighting
 + Level 4.8 Long Blades
 - Level 1.7 Throwing
 - Level 2.4 Dodging


You had 4 spell levels left.
You didn't know any spells.

Dungeon Overview and Level Annotations

Branches:
Dungeon (3/15)

Altars:
Vehumet

Annotations:
D:3 Natasha


Innate Abilities, Weirdness & Mutations

You cannot wear boots.
Your serpentine skin is tough. (AC +1)
You have supernaturally acute eyesight. (SInv)
Armour fits poorly on your strangely shaped body.
Your system is resistant to poisons. (rPois)
You cover ground very slowly.
You have a slow metabolism.
You can spit poison.


Message History

The puff of frost hits you!
You slash Natasha!
Natasha is severely wounded.
You have got your breath back.
You are feeling hungry.
Natasha zaps a wand.
The puff of flame hits you! The white imp hits you.
* * * LOW HITPOINT WARNING * * *
The white imp freezes you.
* * * LOW HITPOINT WARNING * * *
Natasha claws you.
* * * LOW HITPOINT WARNING * * *
The white imp misses you.
You riposte.
You barely miss the white imp. You barely miss Natasha.
Natasha is severely wounded.
Natasha claws you.
* * * LOW HITPOINT WARNING * * *
The white imp hits you.
* * * LOW HITPOINT WARNING * * *
The white imp freezes you.
You die...

###....<......(.# #....
#..........##..# #....
######.##...........###....
#......##..................
#......###.......##........
#......# ##...#...#####....
#......###.................
#......รท...5...............
#.........@h....#...###....
#......#.......(###.#######
#......#........(......####
#......###.##....(..##.....
###.#### #.#######(..##....
#.....# #.# #.......####
#...<.# #.# #.....#.####
#.....# #.# #.......#...
###.### #.# #(.).#.....#


You could see Natasha and a white imp.

Vanquished Creatures
  Natasha (twice) (D:3)
  4 adders
  2 worms
  5 dart slugs
  4 leopard geckos
  3 orcs (D:3)
  3 ball pythons
  6 giant cockroaches
  8 goblins
  8 hobgoblins
  5 jackals
  11 kobolds
  5 bats
  3 frilled lizards
  7 rats
76 creatures vanquished.

Notes
Turn   | Place    | Note
-------+----------+-------------------------------------------
     0 | D:1      | Gerstahl the Naga Gladiator began the quest for the Orb.
     0 | D:1      | Reached XP level 1. HP: 19/19 MP: 1/1
   138 | D:1      | Reached XP level 2. HP: 24/27 MP: 2/2
   488 | D:1      | Reached XP level 3. HP: 33/33 MP: 3/3
   963 | D:2      | Reached XP level 4. HP: 24/42 MP: 4/4
  1389 | D:3      | Found a radiant altar of Vehumet.
  1850 | D:3      | Noticed Natasha
  1857 | D:3      | Killed Natasha
  1857 | D:3      | Reached XP level 5. HP: 33/50 MP: 5/5
  2166 | D:3      | Noticed Natasha
  2170 | D:3      | Killed Natasha
  2174 | D:3      | Noticed Natasha
  2181 | D:3      | HP: 2/50 [Natasha (4)]
  2181 | D:3      | Slain by a white imp

Vault maps used:
D:1:      saegor_arrival_simple_b
D:3:      lemuel_crystal_altar, first_bread, uniq_natasha

Skill      XL: |  1  2  3  4  5 |
---------------+----------------+-----
Fighting       | 3 4 |  4.2
Long Blades    | 4 |  4.8
Throwing       | |  1.7
Dodging        | |  2.4

Action                   |  1- 3 |  4- 6 || total
-------------------------+-------+-------++-------
Melee: Long sword        |    85 |    95 ||   180
Throw: Throwing net      |       |     1 ||     1
 Abil: Spit Poison       |     4 |    16 ||    20
 Stab: Sleeping          |       |     1 ||     1
  Eat: Chunk             |       |     4 ||     4
Armor: Leather armour    |    28 |    32 ||    60
Dodge: Dodged            |    65 |    69 ||   134
       Rpst.: Long sword |    17 |    17 ||    34

Table legend:
 A = Spawn XP
 B = Non-spawn XP
 C = Spawn XP percentage of total XP
 D = Spawn monster count
 E = Non-spawn monster count
 F = Spawn count percentage of total count
 G = Total turns spent on level
                    A         B        C        D         E        F      G
               +---------+---------+-------+---------+---------+-------+---------
         Total |       0 |     263 |   0.0 |       0 |      76 |   0.0 |  2181
               +---------+---------+-------+---------+---------+-------+---------
           D:1 |       0 |      35 |   0.0 |       0 |      18 |   0.0 |   591
           D:2 |       0 |      71 |   0.0 |       0 |      27 |   0.0 |   798
           D:3 |       0 |     157 |   0.0 |       0 |      31 |   0.0 |   792
               +---------+---------+-------+---------+---------+-------+---------
